AoeStats
← fgallardo1993

Nomad

510183534Analyzed
3v3 RM · 3d ago on Sep 29, 2026· 47m 41s· 6 players
Game mode
Random Map
Map size
210×210
Population
200
Speed
Normal
Resources
Standard
Victory
Conquest
Starting age
Dark Age
Ending age
Imperial Age
RankedLock teamsTeams togetherTeam positionsShared explorationLock speedFull tech treeHidden civsTurbo modeCheats
Victory
Defeat
🇪🇸 Turks · Spain
636
+9
🇧🇷 Romans · Brazil
557
+12
🇪🇸 Chinese · Spain
521
+13
🇵🇱 Japanese · Poland
713
-20
🇨🇿 Khmer · Czechia
345
-7
🇪🇸 Inca · Spain
333
-7
fgallardo1993
23:34 Feudal Age
24:36 Double-Bit Axe
25:40 Stone Mining
25:39 Fishing Lines
27:59 Gold Mining
27:58 Horse Collar
30:33 Castle Age
29:29 Fletching
29:40 Padded Archer Armor
31:38 Gillnets
32:00 Thumb Ring
32:17 Bow Saw
35:49 Gold Shaft Mining
36:18 Wheelbarrow
38:02 Ballistics
38:26 Squires
42:09 Imperial Age
39:45 Bodkin Arrow
42:51 Leather Archer Armor
44:53 Two-Man Saw
44:31 Conscription
45:33 Chemistry
45:02 Conscription
Med
5:00 Loom
15:38 Feudal Age
16:25 Town Watch
16:34 Double-Bit Axe
17:56 Fishing Lines
20:11 Horse Collar
21:21 Stone Mining
21:22 Gold Mining
26:51 Castle Age
27:52 Wheelbarrow
28:09 Medium Warships
27:53 Gillnets
28:15 Medium Warships
27:31 Pikeman
28:12 Squires
29:17 Bow Saw
29:25 Crossbowman
30:58 Light Cavalry
31:52 Ballistas
32:46 Clinker Construction
34:52 Ballistics
37:21 Gold Shaft Mining
40:05 Imperial Age
37:54 Hand Cart
38:54 Masonry
38:40 Murder Holes
39:07 Caravan
41:11 Conscription
42:01 Scale Barding Armor
41:57 Scale Mail Armor
42:07 Forging
41:48 Fletching
41:59 Padded Archer Armor
42:26 Bloodlines
42:17 Husbandry
45:52 Heavy Scorpion
PerkyCake117159
7:22 Loom
14:39 Feudal Age
16:25 Wheelbarrow
16:35 Fishing Lines
17:00 Double-Bit Axe
19:07 Stone Mining
21:50 Gold Mining
24:07 Castle Age
25:05 Hand Cart
25:24 Bow Saw
26:24 Horse Collar
27:47 Gillnets
32:27 Imperial Age
31:20 Gold Shaft Mining
34:54 Conscription
37:23 Heavy Camel Rider
41:28 Fletching
41:40 Padded Archer Armor
45:53 Artillery
45:14 Elite Janissary
RaGnAr
18:25 Feudal Age
28:01 Castle Age
32:23 Horse Collar
32:32 Double-Bit Axe
33:43 Crossbowman
34:49 Heavy Plow
38:44 Bow Saw
42:35 Imperial Age
43:17 Elite Kamayuk
43:50 Arbalester
King-Mydas
14:58 Feudal Age
16:21 Wheelbarrow
17:06 Double-Bit Axe
24:15 Castle Age
25:34 Bow Saw
26:13 Hand Cart
26:09 Light Cavalry
33:22 Bloodlines
40:58 Imperial Age
38:39 Horse Collar
39:55 Gold Mining
39:56 Stone Mining
41:35 Caravan
Donald Kieł
17:50 Feudal Age
19:46 Wheelbarrow
19:52 Double-Bit Axe
20:11 Fishing Lines
22:40 Man-at-Arms
23:15 Loom
23:26 Gold Mining
23:19 Horse Collar
27:06 Castle Age
26:54 Scale Mail Armor
27:05 Forging
27:53 Heavy Plow
28:09 Bow Saw
28:10 Long Swordsman
28:45 Gambesons
34:07 Chain Mail Armor
34:28 Iron Casting
35:08 Medium Warships
35:09 Fletching
38:36 Padded Archer Armor
39:58 Gold Shaft Mining
39:49 Ballistics
40:58 Careening
40:24 Pikeman
41:22 Bodkin Arrow
42:29 Gillnets
46:47 Imperial Age
Connection lost

Rejoining the realm…

Still unreachable

The connection could not be restored.

Session expired

The server has moved on; the page needs a fresh start.